[Event "Turkish Cup 2022"]
[Site "Sakarya"]
[Date "2022.03.29"]
[Round "7.46"]
[White "Vursan, Emre Can"]
[Black "Topuz, Mirac Melih"]
[Result "1-0"]
[ECO "A03"]
[WhiteElo "1741"]
[BlackElo "1515"]
[Annotator "NA"]
[PlyCount "121"]
[EventDate "2022.03.25"]
[EventType "swiss"]
[EventCountry "TUR"]
[SourceTitle "playchess.com"]
[Source "ChessBase"]
[SourceQuality "1"]
[TimeControl "5400+30"]

1. f4 d5 2. b3 Nf6 3. Nf3 c5 4. e3 Nc6 5. Bb5 Bg4 6. Bxc6+ bxc6 7. Bb2 e6 8. O-O Be7 9. d3 O-O 10. Qe1 Bxf3 11. Rxf3 d4 12. Nd2 Ng4 13. Nc4 Bf6 14. e4 h5 15. h3 Nh6 16. Qa5 Be7 17. Re1 f6 18. Qd2 Qe8 19. Qe2 Rc8 20. f5 Nf7 21. Rg3 Ne5 22. Nxe5 fxe5 23. Rg6 exf5 24. Qxh5 f4 25. Qg4 Qf7 26. Re6 Bf6 27. Ba3 f3 28. gxf3 Rfe8 29. Rxe8+ Rxe8 30. Bxc5 Re6 31. Kh2 Bd8 32. Rg1 Rf6 33. Rg3 Rf4 34. Qc8 Qf6 35. Kg2 Kh7 36. Qd7 Ba5 37. b4 Bb6 38. Bd6 Bd8 39. Bxe5 Qxe5 40. Qxd8 Rf6 41. Qd7 Rf8 42. Qxa7 Qf6 43. Qc5 Ra8 44. Qf5+ Qxf5 45. exf5 Rxa2 46. Rg4 Rxc2+ 47. Kg3 c5 48. bxc5 Rxc5 49. Kf4 Rc1 50. Ke4 Kh6 51. Kxd4 Rh1 52. Rg6+ Kh7 53. Rg3 Re1 54. Kd5 Re8 55. d4 Rd8+ 56. Ke4 Re8+ 57. Kd3 Rf8 58. Rg5 Kh6 59. h4 Rd8 60. Rg6+ Kh7 61. Ke4 1-0

[Event "Turkish Cup 2022"]
[Site "Sakarya"]
[Date "2022.03.29"]
[Round "7.47"]
[White "Camdereli, Gunduz"]
[Black "Sahin, Handenur"]
[Result "0-1"]
[ECO "C92"]
[WhiteElo "1737"]
[BlackElo "1997"]
[Annotator "NA"]
[PlyCount "66"]
[EventDate "2022.03.25"]
[EventType "swiss"]
[EventCountry "TUR"]
[SourceTitle "playchess.com"]
[Source "ChessBase"]
[SourceQuality "1"]
[TimeControl "5400+30"]

1. e4 e5 2. Nf3 Nc6 3. Bb5 a6 4. Ba4 Nf6 5. O-O Be7 6. Re1 b5 7. Bb3 d6 8. c3 O-O 9. h3 Nd7 10. d4 Bf6 11. d5 Ne7 12. a4 Bb7 13. axb5 axb5 14. Rxa8 Qxa8 15. Na3 Ba6 16. Nc2 Nc5 17. Nb4 Bb7 18. Bc2 g6 19. Nh2 Bg7 20. Ng4 Kh8 21. Ne3 Bc8 22. g4 Bd7 23. Qf3 Qc8 24. Rf1 f5 25. gxf5 gxf5 26. Nxf5 Nxf5 27. exf5 e4 28. Qe2 Bxf5 29. f4 Bxh3 30. Rf2 Rg8 31. Kh2 Bg4 32. Qf1 Qf5 33. Kg1 Bh3 0-1

[Event "Turkish Cup 2022"]
[Site "Sakarya"]
[Date "2022.03.30"]
[Round "8.3"]
[White "Sevgi, Volkan"]
[Black "Yavuz, Efe Metehan"]
[Result "0-1"]
[ECO "C26"]
[WhiteElo "2344"]
[BlackElo "2054"]
[Annotator "ChessBase"]
[PlyCount "120"]
[EventDate "2022.03.25"]
[EventType "swiss"]
[EventCountry "TUR"]
[SourceTitle "playchess.com"]
[Source "ChessBase"]
[SourceQuality "1"]
[TimeControl "5400+30"]

1. e4 e5 2. Nc3 Nf6 3. g3 d5 4. exd5 c6 5. d6 Bxd6 6. Bg2 O-O 7. Nge2 Bg4 8. h3 Be6 9. d4 Qc7 10. Bg5 Nbd7 11. O-O h6 12. Be3 Nb6 13. Qc1 Nfd5 14. dxe5 Nxc3 15. Nxc3 Bxe5 16. Ne4 Nc4 17. c3 Nxe3 18. Qxe3 Rfe8 19. Nc5 Bf5 20. Qf3 Bg6 21. Rad1 Re7 22. h4 Rae8 23. h5 Bh7 24. Qg4 Qb6 25. Na4 Qb5 26. b3 Bf6 27. c4 Qf5 28. Qxf5 Bxf5 29. Bf3 Bh3 30. Bg2 Bg4 31. f3 Bxh5 32. g4 Bg6 33. f4 Be4 34. Nc5 Bxg2 35. Kxg2 b6 36. Nd7 Bc3 37. Rf3 Re2+ 38. Kf1 Rc2 39. c5 bxc5 40. Nxc5 Ba5 41. Nd3 Rxa2 42. Ne5 Bc7 43. Nxc6 Bb6 44. Ne5 f6 45. Nc4 Ree2 46. Nxb6 axb6 47. Ra1 Rab2 48. g5 Rh2 49. Kg1 Rbg2+ 50. Kf1 hxg5 51. fxg5 Rxg5 52. Ra6 b5 53. Rd6 Rc5 54. Rd8+ Kf7 55. Kg1 Rb2 56. Rd7+ Kf8 57. Rd1 b4 58. Ra1 Rc3 59. Ra8+ Kf7 60. Ra7+ Kg6 0-1

[Event "Turkish Cup 2022"]
[Site "Sakarya"]
[Date "2022.03.30"]
[Round "8.9"]
[White "Kavri, Yusuf Eren"]
[Black "Eren, Ataberk"]
[Result "0-1"]
[ECO "E13"]
[WhiteElo "1886"]
[BlackElo "2306"]
[Annotator "ChessBase"]
[PlyCount "190"]
[EventDate "2022.03.25"]
[EventType "swiss"]
[EventCountry "TUR"]
[SourceTitle "playchess.com"]
[Source "ChessBase"]
[SourceQuality "1"]
[TimeControl "5400+30"]

1. d4 Nf6 2. c4 e6 3. Nc3 Bb4 4. Nf3 b6 5. Bg5 h6 6. Bh4 Bb7 7. e3 g5 8. Bg3 Ne4 9. Qc2 Bxc3+ 10. bxc3 d6 11. Nd2 f5 12. Nxe4 Bxe4 13. Qa4+ Bc6 14. Qc2 Qf6 15. f3 Nd7 16. O-O-O O-O-O 17. Bd3 Rdf8 18. e4 f4 19. Bf2 Qe7 20. Qe2 Bb7 21. Kb1 e5 22. h4 Rfg8 23. hxg5 hxg5 24. g4 c5 25. d5 Rh7 26. Rdg1 Rgh8 27. Qf1 Rh2 28. Rxh2 Rxh2 29. Rh1 Qh7 30. Rxh2 Qxh2 31. Qg1 Qh3 32. Be2 Nf6 33. Qf1 Qh7 34. Bd3 Qh2 35. Be2 Ba6 36. Bg1 Qh7 37. Bd3 Qh1 38. Kb2 Kd8 39. Qf2 Qh7 40. Qh2 Qg7 41. Qg2 Qh7 42. Qh2 Qxh2+ 43. Bxh2 Ng8 44. Bg1 Nh6 45. Be2 Nf7 46. Kc2 Kc7 47. Kd3 Nd8 48. Bd1 Nb7 49. Bb3 Na5 50. Bf2 Bc8 51. Ba4 Ba6 52. Bb3 Bb7 53. Ba4 Bc8 54. Bg1 Kd8 55. Bf2 Ke7 56. Bg1 Ba6 57. Bb3 Nb7 58. Ba4 Na5 59. Bb3 Bc8 60. Ba4 a6 61. Bf2 Kd8 62. Bg1 Kc7 63. Bf2 Nb7 64. Bg1 Na5 65. Bf2 Nb7 66. Bg1 Nd8 67. Bf2 Nf7 68. Bg1 Nh6 69. Bf2 Nxg4 70. fxg4 Bxg4 71. Bg1 Bf3 72. Bf2 Kd8 73. Be1 Ke7 74. Bf2 Kf6 75. Be8 Kg7 76. Be1 Kh6 77. Bf2 Bg2 78. a3 Bf1+ 79. Kd2 Bxc4 80. Bf7 Bf1 81. Be8 Bg2 82. Kd3 Bf3 83. a4 g4 84. Bh4 g3 85. Bf7 b5 86. axb5 axb5 87. Be8 c4+ 88. Kd2 Bxe4 89. Ke1 Bxd5 90. Be7 f3 91. Bh4 f2+ 92. Kf1 b4 93. Bxg3 b3 94. Ba4 Be4 95. Kxf2 b2 0-1

[Event "Turkish Cup 2022"]
[Site "Sakarya"]
[Date "2022.03.30"]
[Round "8.18"]
[White "Temizer, Umut"]
[Black "Sahin, Fehim"]
[Result "1/2-1/2"]
[ECO "B13"]
[WhiteElo "1972"]
[BlackElo "1648"]
[Annotator "RC"]
[PlyCount "98"]
[EventDate "2022.03.25"]
[EventType "swiss"]
[EventCountry "TUR"]
[SourceTitle "playchess.com"]
[Source "ChessBase"]
[SourceQuality "1"]
[TimeControl "5400+30"]

1. e4 c6 2. d4 d5 3. exd5 cxd5 4. Bd3 Nf6 5. h3 Nc6 6. c3 e6 7. Bf4 Bd6 8. Bxd6 Qxd6 9. Nf3 Ne4 10. Bxe4 dxe4 11. Ng5 Qf4 12. Qd2 Qxd2+ 13. Nxd2 f5 14. h4 O-O 15. Ke2 Rd8 16. f4 h6 17. Nh3 b6 18. Kf2 Ba6 19. Nb1 Bd3 20. Kg3 b5 21. Nd2 b4 22. Nf2 Ba6 23. Nb3 bxc3 24. bxc3 Bc4 25. Nc5 Rab8 26. Nd1 Na5 27. Ne3 Bd5 28. Rhb1 Nc4 29. Nxc4 Bxc4 30. a4 Kf7 31. Nd7 Rxb1 32. Ne5+ Ke7 33. Rxb1 Bd5 34. Kf2 Rc8 35. c4 Bxc4 36. Rb7+ Kf8 37. Rxa7 Bd5 38. Nd7+ Kg8 39. Nc5 Rb8 40. a5 Rb4 41. Ke3 Rc4 42. Rc7 Rc3+ 43. Kd2 Rg3 44. a6 Rxg2+ 45. Kc3 Rg3+ 46. Kd2 Rg2+ 47. Kc3 Rg3+ 48. Kd2 Ra3 49. a7 Ra1 1/2-1/2

[Event "Turkish Cup 2022"]
[Site "Sakarya"]
[Date "2022.03.30"]
[Round "8.19"]
[White "Dolek, Gokalp Deniz"]
[Black "Maruflu, Enes Yusuf"]
[Result "0-1"]
[ECO "B42"]
[WhiteElo "1520"]
[BlackElo "1945"]
[Annotator "RC"]
[PlyCount "58"]
[EventDate "2022.03.25"]
[EventType "swiss"]
[EventCountry "TUR"]
[SourceTitle "playchess.com"]
[Source "ChessBase"]
[SourceQuality "1"]
[TimeControl "5400+30"]

1. e4 c5 2. Nf3 e6 3. d4 cxd4 4. Nxd4 a6 5. Bd3 Nf6 6. O-O Qc7 7. c4 Bd6 8. h3 Nc6 9. Nc2 Ne5 10. Nc3 b6 11. f4 Nxd3 12. Qxd3 Bb7 13. Be3 Bc5 14. Rae1 Rc8 15. e5 Ng8 16. Ne4 Be7 17. b3 b5 18. c5 Bxe4 19. Qxe4 f5 20. Qd3 Bxc5 21. Nd4 Bxd4 22. Qxd4 Ne7 23. Rc1 Qb7 24. Qd6 Kf7 25. Rfd1 Rxc1 26. Rxc1 Nd5 27. Bd2 Rc8 28. Rxc8 Qxc8 29. Bb4 Qc1+ 0-1

[Event "Turkish Cup 2022"]
[Site "Sakarya"]
[Date "2022.03.30"]
[Round "8.21"]
[White "Kurtyilmaz, Kuzey"]
[Black "Akin, Kadir"]
[Result "0-1"]
[ECO "B01"]
[WhiteElo "1394"]
[BlackElo "1964"]
[Annotator "ChessBase"]
[PlyCount "98"]
[EventDate "2022.03.25"]
[EventType "swiss"]
[EventCountry "TUR"]
[SourceTitle "playchess.com"]
[Source "ChessBase"]
[SourceQuality "1"]
[TimeControl "5400+30"]

1. e4 d5 2. exd5 Qxd5 3. Nc3 Qd6 4. d4 Nf6 5. Nf3 Bg4 6. h3 Bxf3 7. Qxf3 c6 8. Be3 Nbd7 9. O-O-O e6 10. g4 h6 11. Bf4 Qb4 12. a3 Qa5 13. Ne4 Nxe4 14. Qxe4 Be7 15. Bd2 Qb6 16. Bc4 O-O-O 17. c3 Nf6 18. Qe2 Bd6 19. Rhe1 Qc7 20. Qf3 Rd7 21. h4 Nd5 22. Ba2 Bf4 23. Bxd5 Bxd2+ 24. Rxd2 cxd5 25. Re5 Qc4 26. Qe2 Qa2 27. Qd3 Kb8 28. Qb1 Qb3 29. Qc2 Qb5 30. Qd3 Qa4 31. Qc2 Qa5 32. f4 Rc8 33. Qb3 Qa6 34. Rde2 Qd3 35. Qc2 Qg3 36. f5 Qxg4 37. fxe6 fxe6 38. Rxe6 Qxh4 39. Qf5 g5 40. Qe5+ Rdc7 41. Qxd5 g4 42. Qd6 Qg5+ 43. Kb1 Qf5+ 44. Ka1 b6 45. R2e5 Qf3 46. Rxh6 g3 47. Rhe6 g2 48. Re1 Qf2 49. Qh2 Rg8 0-1

[Event "Turkish Cup 2022"]
[Site "Sakarya"]
[Date "2022.03.30"]
[Round "8.24"]
[White "Bacak, Muhammed Kaan"]
[Black "Ercan, Mehmet Fahri"]
[Result "1-0"]
[ECO "A14"]
[WhiteElo "2155"]
[BlackElo "1775"]
[Annotator "ChessBase"]
[PlyCount "147"]
[EventDate "2022.03.25"]
[EventType "swiss"]
[EventCountry "TUR"]
[SourceTitle "playchess.com"]
[Source "ChessBase"]
[SourceQuality "1"]
[TimeControl "5400+30"]

1. Nf3 Nf6 2. g3 d5 3. Bg2 e6 4. c4 c6 5. b3 Be7 6. Bb2 O-O 7. O-O Nbd7 8. d3 Re8 9. Nbd2 b6 10. Qc2 Bb7 11. e4 h6 12. Rad1 Rc8 13. e5 Nh7 14. Ne1 Qc7 15. f4 f5 16. exf6 Bxf6 17. Nef3 e5 18. fxe5 Nxe5 19. Nxe5 Bxe5 20. d4 Bf6 21. Qf5 Rcd8 22. cxd5 cxd5 23. Rfe1 Qd6 24. Nf3 Ng5 25. Nxg5 Bxg5 26. Bc1 Bf6 27. Rxe8+ Rxe8 28. Bf4 Qe6 29. Qxe6+ Rxe6 30. Kf2 Kf7 31. h4 g5 32. hxg5 hxg5 33. Be3 Kg6 34. Rc1 Re7 35. b4 g4 36. Rc2 Bg5 37. Bxg5 Kxg5 38. b5 Rf7+ 39. Ke3 Re7+ 40. Kd3 a6 41. a4 a5 42. Rc1 Kg6 43. Bf1 Rh7 44. Ke3 Kg5 45. Bd3 Rf7 46. Be2 Rh7 47. Kd2 Re7 48. Rc3 Kf5 49. Bd3+ Kg5 50. Rc1 Rf7 51. Be2 Re7 52. Rc3 Kf5 53. Bd1 Kg5 54. Bc2 Rf7 55. Bd1 Re7 56. Be2 Kf5 57. Kd3 Kg5 58. Rc1 Rh7 59. Kd2 Re7 60. Bd3 Rf7 61. Re1 Rf2+ 62. Kc3 Kf6 63. Re8 Kg7 64. Re7+ Rf7 65. Rxf7+ Kxf7 66. Bf5 Kf6 67. Bxg4 Kg5 68. Bd7 Kh5 69. Kd2 Kg5 70. Ke3 Kf6 71. Kf4 Ke7 72. Bf5 Kf6 73. g4 Ke7 74. Ke5 1-0

[Event "Turkish Cup 2022"]
[Site "Sakarya"]
[Date "2022.03.30"]
[Round "8.25"]
[White "Lale, Omer Faruk"]
[Black "Kul, Ozdemir Efe"]
[Result "1/2-1/2"]
[ECO "B06"]
[WhiteElo "1771"]
[BlackElo "2042"]
[Annotator "ChessBase"]
[PlyCount "127"]
[EventDate "2022.03.25"]
[EventType "swiss"]
[EventCountry "TUR"]
[SourceTitle "playchess.com"]
[Source "ChessBase"]
[SourceQuality "1"]
[TimeControl "5400+30"]

1. e4 g6 2. d4 Bg7 3. Bc4 d6 4. Be3 a6 5. f4 Nf6 6. Qf3 Bg4 7. Qg3 h5 8. Nc3 h4 9. Qf2 h3 10. e5 Ng8 11. Nf3 hxg2 12. Qxg2 Nh6 13. O-O-O c6 14. d5 b5 15. Be2 b4 16. Ne4 cxd5 17. Rxd5 Be6 18. Rdd1 Qa5 19. Nfg5 Bxa2 20. Nxd6+ exd6 21. Qxa8 O-O 22. Rxd6 Nf5 23. Bb6 Qa4 24. Rd8 Nd7 25. Rxf8+ Bxf8 26. Qxa6 Qxa6 27. Bxa6 Bd5 28. Rd1 Nxb6 29. c4 Bxc4 30. Bxc4 Nxc4 31. Rd7 Be7 32. h4 Nb6 33. Rb7 Nd5 34. e6 f6 35. Ne4 Nxf4 36. Ng3 Nxg3 37. Rxe7 Nf5 38. Rb7 Nd5 39. Kd2 Nfe7 40. Kd3 f5 41. Kd4 f4 42. b3 Kg7 43. Ke5 Kh6 44. Ra7 Kh5 45. Ra1 Kxh4 46. Rh1+ Kg3 47. Rg1+ Kf2 48. Rd1 Ne3 49. Rd7 N3f5 50. Kxf4 Ke2 51. Kg5 Ke3 52. Kf6 Nc6 53. Kxg6 Ke4 54. Rc7 Ke5 55. Kf7 Nd8+ 56. Ke8 Nxe6 57. Ra7 Nd6+ 58. Kd7 Kd5 59. Ra5+ Nc5+ 60. Kc7 Kd4 61. Kc6 Nde4 62. Rb5 Kc3 63. Rxb4 Kxb4 64. Kd5 1/2-1/2

[Event "Turkish Cup 2022"]
[Site "Sakarya"]
[Date "2022.03.30"]
[Round "8.32"]
[White "Colak, Tugay"]
[Black "Kilic, Cihan"]
[Result "1/2-1/2"]
[ECO "D00"]
[WhiteElo "1701"]
[BlackElo "1874"]
[Annotator "NA"]
[PlyCount "139"]
[EventDate "2022.03.25"]
[EventType "swiss"]
[EventCountry "TUR"]
[SourceTitle "playchess.com"]
[Source "ChessBase"]
[SourceQuality "1"]
[TimeControl "5400+30"]

1. d4 Nf6 2. Bg5 d5 3. Bxf6 gxf6 4. e3 c5 5. Nf3 Nc6 6. c4 dxc4 7. Bxc4 Bg7 8. Nc3 O-O 9. d5 Ne5 10. Nxe5 fxe5 11. Qh5 a6 12. a4 Qb6 13. Rb1 Qb4 14. Qe2 Bd7 15. O-O Bxa4 16. Nxa4 Qxa4 17. b3 Qd7 18. e4 b5 19. Bd3 e6 20. dxe6 Qxe6 21. f4 Rad8 22. f5 Qf6 23. Rbc1 Rd4 24. Rxc5 Rfd8 25. Rd5 R8xd5 26. exd5 Rxd5 27. Rc1 Qh4 28. Rc8+ Bf8 29. g3 Qd4+ 30. Kg2 Rd8 31. Rxd8 Qxd8 32. Qg4+ Kh8 33. f6 Qxf6 34. Qe4 Qg7 35. Qb7 Qf6 36. Qe4 Qg7 37. Qb7 f5 38. Qxa6 e4 39. Bxb5 f4 40. Be2 f3+ 41. Bxf3 exf3+ 42. Kxf3 Qf7+ 43. Kg2 Qxb3 44. Qf6+ Bg7 45. Qd8+ Qg8 46. Qxg8+ Kxg8 47. Kf3 Kf7 48. Kf4 Kg6 49. h4 Kh5 50. Kf3 Bh6 51. Kf2 Kg4 52. Kg2 Bg7 53. Kh2 h5 54. Kg2 Bd4 55. Kh2 Kf3 56. Kh1 Bc3 57. Kh2 Bd4 58. Kh1 Be3 59. Kh2 Bf2 60. Kh1 Bc5 61. Kh2 Kg4 62. Kg2 Bd6 63. Kh2 Kf3 64. Kg1 Bc5+ 65. Kh2 Kf2 66. Kh3 Kf3 67. Kh2 Bd4 68. Kh1 Kf2 69. Kh2 Kf1 70. Kh3 1/2-1/2

[Event "Turkish Cup 2022"]
[Site "Sakarya"]
[Date "2022.03.30"]
[Round "8.35"]
[White "Surucu, Efe Mustafa"]
[Black "Demirag, Batuhan"]
[Result "0-1"]
[ECO "B33"]
[WhiteElo "1598"]
[BlackElo "1923"]
[Annotator "ChessBase"]
[PlyCount "78"]
[EventDate "2022.03.25"]
[EventType "swiss"]
[EventCountry "TUR"]
[SourceTitle "playchess.com"]
[Source "ChessBase"]
[SourceQuality "1"]
[TimeControl "5400+30"]

1. e4 c5 2. Nf3 Nc6 3. d4 cxd4 4. Nxd4 Nf6 5. Nc3 e5 6. Ndb5 d6 7. Bg5 a6 8. Na3 b5 9. Nd5 Be7 10. Bxf6 Bxf6 11. c4 b4 12. Nc2 O-O 13. Ncxb4 Nxb4 14. Nxb4 Qb6 15. Nd5 Qxb2 16. Bd3 Be6 17. Nxf6+ gxf6 18. O-O Kg7 19. Qf3 Qd2 20. Rfd1 Qg5 21. Be2 Rad8 22. Rab1 Rb8 23. Rb3 Rfd8 24. g3 Rbc8 25. Rb6 Bxc4 26. Bxc4 Rxc4 27. Rdxd6 Rxd6 28. Rxd6 Ra4 29. a3 Qg6 30. Rb6 a5 31. Rb5 h5 32. Kg2 h4 33. h3 hxg3 34. fxg3 Rxe4 35. Rxa5 Rd4 36. h4 Qc2+ 37. Kh3 Qc8+ 38. g4 Qc4 39. Kh2 Rd2+ 0-1

[Event "Turkish Cup 2022"]
[Site "Sakarya"]
[Date "2022.03.30"]
[Round "8.36"]
[White "Melik, Enes"]
[Black "Kocakaplan, Emre"]
[Result "1-0"]
[ECO "B06"]
[WhiteElo "1592"]
[BlackElo "1846"]
[Annotator "NA"]
[PlyCount "95"]
[EventDate "2022.03.25"]
[EventType "swiss"]
[EventCountry "TUR"]
[SourceTitle "playchess.com"]
[Source "ChessBase"]
[SourceQuality "1"]
[TimeControl "5400+30"]

1. f4 g6 2. Nf3 Bg7 3. e4 d5 4. e5 Nh6 5. d4 O-O 6. Nc3 b6 7. Be3 f6 8. Qd2 Bb7 9. Rg1 Ng4 10. O-O-O c5 11. dxc5 bxc5 12. Bxc5 fxe5 13. Nxe5 Nxe5 14. fxe5 Nd7 15. Ba3 Nxe5 16. Nxd5 Bxd5 17. Qxd5+ Qxd5 18. Rxd5 Bh6+ 19. Kb1 Rad8 20. Rxd8 Rxd8 21. Be2 Rd2 22. Re1 e6 23. b3 Rd4 24. Bf1 Ng4 25. h3 Ne3 26. Bc5 Rd1+ 27. Rxd1 Nxd1 28. Bxa7 Ne3 29. Bxe3 Bxe3 30. c4 Kf7 31. Kc2 Bc5 32. Kc3 e5 33. b4 Bd4+ 34. Kd3 Ke6 35. Ke4 Kd6 36. Kd3 h6 37. Be2 Bf2 38. c5+ Kc6 39. a4 e4+ 40. Kc4 Be1 41. b5+ Kb7 42. Kd4 Bf2+ 43. Kd5 Kc7 44. a5 Be1 45. a6 Bb4 46. b6+ Kb8 47. c6 Ba5 48. c7+ 1-0

[Event "Turkish Cup 2022"]
[Site "Sakarya"]
[Date "2022.03.30"]
[Round "8.37"]
[White "Isik, Kadri"]
[Black "Gozubuyukoglu, Selami"]
[Result "0-1"]
[ECO "C25"]
[WhiteElo "1858"]
[BlackElo "1747"]
[Annotator "NA"]
[PlyCount "70"]
[EventDate "2022.03.25"]
[EventType "swiss"]
[EventCountry "TUR"]
[SourceTitle "playchess.com"]
[Source "ChessBase"]
[SourceQuality "1"]
[TimeControl "5400+30"]

1. e4 e5 2. Nc3 Nc6 3. f4 exf4 4. Nf3 g5 5. Bc4 Bg7 6. O-O Nd4 7. e5 Nxf3+ 8. Qxf3 Ne7 9. g3 Ng6 10. d4 O-O 11. gxf4 gxf4 12. Bxf4 d6 13. exd6 cxd6 14. Rad1 Be6 15. Bd5 Qd7 16. Rd3 Rad8 17. Bd2 Qe7 18. Qh5 Qd7 19. Bh6 Bxh6 20. Qxh6 Bxd5 21. Nxd5 Qg4+ 22. Rg3 Qxd4+ 23. Ne3 Qg7 24. Qh5 Rde8 25. Nf5 Qxb2 26. Nh6+ Kh8 27. Nxf7+ Kg7 28. Qh6+ Kg8 29. Ng5 Rxf1+ 30. Kxf1 Qc1+ 31. Kg2 Re2+ 32. Kf3 Qe3+ 33. Kg4 Qf4+ 34. Kh3 Qf5+ 35. Rg4 Qf1+ 0-1

[Event "Turkish Cup 2022"]
[Site "Sakarya"]
[Date "2022.03.30"]
[Round "8.38"]
[White "Celik, Ege Yigit"]
[Black "Gazioglu, Halit"]
[Result "1-0"]
[ECO "A11"]
[WhiteElo "1466"]
[BlackElo "1880"]
[Annotator "NA RC"]
[PlyCount "81"]
[EventDate "2022.03.25"]
[EventType "swiss"]
[EventCountry "TUR"]
[SourceTitle "playchess.com"]
[Source "ChessBase"]
[SourceQuality "1"]
[TimeControl "5400+30"]

1. c4 Nf6 2. Nc3 c6 3. e3 d5 4. Nf3 e6 5. b3 Nbd7 6. Bb2 Bd6 7. Be2 O-O 8. O-O e5 9. d3 Re8 10. Rc1 a6 11. Re1 Qe7 12. Bf1 e4 13. dxe4 dxe4 14. Nd4 Ne5 15. Qc2 Neg4 16. h3 Bh2+ 17. Kh1 Bc7 18. hxg4 Nxg4 19. g3 Qf6 20. Kg1 Qh6 21. Bg2 Qh2+ 22. Kf1 c5 23. Nde2 Bf5 24. Nf4 Bxf4 25. gxf4 h5 26. Re2 h4 27. Nxe4 h3 28. Bf3 Re6 29. Qc3 Rg6 30. Ng3 Nf6 31. Rd2 Re8 32. Nxf5 Rg2 33. Bxg2 hxg2+ 34. Ke2 Qh5+ 35. f3 Qxf5 36. Rg1 Qh3 37. Kf2 Nh5 38. Rxg2 Qh4+ 39. Ke2 Nxf4+ 40. Kd1 Nh5 41. Rxg7+ 1-0

[Event "Turkish Cup 2022"]
[Site "Sakarya"]
[Date "2022.03.30"]
[Round "8.39"]
[White "Anacak, Hasan Gunes"]
[Black "Elmas, Mustafa"]
[Result "1-0"]
[ECO "B90"]
[WhiteElo "1798"]
[BlackElo "1614"]
[Annotator "NA"]
[PlyCount "67"]
[EventDate "2022.03.25"]
[EventType "swiss"]
[EventCountry "TUR"]
[SourceTitle "playchess.com"]
[Source "ChessBase"]
[SourceQuality "1"]
[TimeControl "5400+30"]

1. e4 c5 2. Nf3 d6 3. d4 cxd4 4. Nxd4 Nf6 5. Nc3 a6 6. Rg1 e5 7. Nb3 Be6 8. g4 h6 9. Be3 Be7 10. Qe2 b5 11. O-O-O Qc7 12. Kb1 Nbd7 13. h4 Bc4 14. Qf3 b4 15. Nd5 Nxd5 16. exd5 Bxf1 17. Rdxf1 Rc8 18. Rc1 Qd8 19. g5 hxg5 20. hxg5 g6 21. Nd2 a5 22. Ne4 a4 23. Rh1 Rf8 24. c3 bxc3 25. Nxc3 Qa5 26. Rh4 Nc5 27. Rc4 a3 28. b3 Rb8 29. Bxc5 dxc5 30. Ne4 Bxg5 31. Rxc5 Qd8 32. R1c4 Be7 33. d6 Bg5 34. Rxe5+ 1-0

[Event "Turkish Cup 2022"]
[Site "Sakarya"]
[Date "2022.03.30"]
[Round "8.40"]
[White "Selvi, Kaan"]
[Black "Pehlivan, Mert"]
[Result "1/2-1/2"]
[ECO "B43"]
[WhiteElo "1823"]
[BlackElo "1573"]
[Annotator "NA"]
[PlyCount "73"]
[EventDate "2022.03.25"]
[EventType "swiss"]
[EventCountry "TUR"]
[SourceTitle "playchess.com"]
[Source "ChessBase"]
[SourceQuality "1"]
[TimeControl "5400+30"]

1. e4 c5 2. Nf3 e6 3. d4 cxd4 4. Nxd4 a6 5. Nc3 Qc7 6. g3 Nf6 7. Bg2 Bb4 8. Bd2 Nc6 9. Nb3 O-O 10. a3 Be7 11. O-O Ne5 12. f4 Nc4 13. Bc1 Rb8 14. g4 b5 15. g5 Ne8 16. Rf3 f6 17. h4 Bb7 18. Rd3 Rd8 19. Qe2 f5 20. e5 Bxg2 21. Kxg2 Qb7+ 22. Qf3 Qxf3+ 23. Rxf3 Kf7 24. Nd4 Bc5 25. Nde2 Nc7 26. b3 Nb6 27. Bb2 Ncd5 28. Nxd5 Nxd5 29. Nd4 Rc8 30. Rc1 Bxd4 31. Bxd4 Rc6 32. Kg3 Rfc8 33. c3 a5 34. Rd1 Ke8 35. Rdd3 a4 36. b4 Rc4 37. Kf2 1/2-1/2

[Event "Turkish Cup 2022"]
[Site "Sakarya"]
[Date "2022.03.30"]
[Round "8.41"]
[White "Kurdas, Halil Ibrahim"]
[Black "Ulu, Ekrem"]
[Result "0-1"]
[ECO "A07"]
[WhiteElo "1850"]
[BlackElo "1692"]
[Annotator "NA"]
[PlyCount "172"]
[EventDate "2022.03.25"]
[EventType "swiss"]
[EventCountry "TUR"]
[SourceTitle "playchess.com"]
[Source "ChessBase"]
[SourceQuality "1"]
[TimeControl "5400+30"]

1. Nf3 d5 2. g3 Bf5 3. Bg2 e6 4. d4 Nd7 5. Bf4 Ngf6 6. O-O Be7 7. c4 c6 8. Nbd2 Ne4 9. Qb3 g5 10. Be3 Rb8 11. Ne5 Nxd2 12. Bxd2 Nxe5 13. dxe5 dxc4 14. Qc3 Qc7 15. Qxc4 Rd8 16. Rad1 O-O 17. Bc3 Rxd1 18. Rxd1 Rd8 19. Rf1 Qb6 20. b4 Rd7 21. a4 Qd8 22. Qb3 Bg4 23. Qc2 Bf5 24. e4 Bg6 25. a5 a6 26. f4 Bh5 27. h3 gxf4 28. gxf4 Rd1 29. f5 Rxf1+ 30. Bxf1 Qd1 31. Qg2+ Kh8 32. f6 Bf8 33. Bd2 Bf3 34. Qf2 Bxe4 35. Qe3 Qf3 36. Qxf3 Bxf3 37. Kf2 Bd5 38. Bd3 c5 39. bxc5 Bxc5+ 40. Be3 Bb4 41. Bb6 Bc3 42. Bc7 Bd4+ 43. Kg3 h6 44. Be2 Kg8 45. Bf3 Bxf3 46. Kxf3 Kf8 47. Ke4 Bf2 48. Kd3 Ke8 49. Bd6 Kd7 50. Bb4 Kc6 51. Kc4 b5+ 52. axb6 Kxb6 53. Bd2 h5 54. Bc3 Kc6 55. Bb4 Kb6 56. Ba3 Be1 57. Bc5+ Kc6 58. Bd4 a5 59. Bc5 Bb4 60. Bd4 Be1 61. Bc5 Bg3 62. Bd4 Be1 63. Bc5 Bd2 64. Bd4 Bc1 $19 65. Kb3 Kd5 66. Bc3 Bf4 67. Bxa5 Bxe5 68. Bd8 Ke4 69. Kc4 Kf5 70. Kd3 Bxf6 71. Bb6 Kf4 72. Bc7+ Be5 73. Bd8 Bd6 74. Ke2 Kg3 75. h4 f5 76. Bf6 f4 77. Bg5 e5 78. Bf6 e4 79. Bg5 Bc5 80. Bf6 f3+ 81. Kf1 e3 82. Be5+ Kxh4 83. Bc3 Kg4 84. Bd2 h4 85. Bc3 h3 86. Kg1 f2+ 0-1

[Event "Turkish Cup 2022"]
[Site "Sakarya"]
[Date "2022.03.30"]
[Round "8.43"]
[White "Hatirli, Ugur Can"]
[Black "Ocakoglu, Orhan Kemal"]
[Result "1-0"]
[ECO "E60"]
[WhiteElo "1818"]
[BlackElo "1482"]
[Annotator "NA"]
[PlyCount "147"]
[EventDate "2022.03.25"]
[EventType "swiss"]
[EventCountry "TUR"]
[SourceTitle "playchess.com"]
[Source "ChessBase"]
[SourceQuality "1"]
[TimeControl "5400+30"]

1. c4 c5 2. g3 g6 3. Bg2 Bg7 4. Nc3 Nc6 5. Nf3 d6 6. O-O Nf6 7. d4 cxd4 8. Nxd4 Bd7 9. b3 O-O 10. Bb2 Nxd4 11. Qxd4 Ng4 12. Qd2 Bc6 13. e4 Qa5 14. h3 Nf6 15. Rad1 a6 16. Nd5 Qd8 17. Nxf6+ exf6 18. Qxd6 Qa5 19. Qa3 Qg5 20. Bc1 Qh5 21. Bf4 Rfe8 22. g4 Qh4 23. Bg3 Qh6 24. Rfe1 Rad8 25. Qa5 Rxd1 26. Rxd1 Qg5 27. Qb6 f5 28. exf5 Bxg2 29. Kxg2 gxf5 30. Rd5 Qe7 31. Rxf5 Qe4+ 32. Rf3 Re6 33. Qd8+ Bf8 34. Qg5+ Rg6 35. Qf5 Qe7 36. Bh4 Qc7 37. Bd8 Qxd8 38. Qxf7+ Kh8 39. Qxf8+ Qxf8 40. Rxf8+ Kg7 41. Rb8 b6 42. Rb7+ Kh6 43. Kg3 Rd6 44. Ra7 a5 45. Ra6 Rc6 46. f4 Kg6 47. c5 Rxc5 48. Rxb6+ Kg7 49. g5 Rc2 50. a4 Rd2 51. Kg4 Rd4 52. Rb5 Rd3 53. h4 Kf7 54. Rb7+ Kg8 55. h5 Rd5 56. h6 Rc5 57. Rb5 Rc3 58. Rb8+ Kf7 59. Rb7+ Kg8 60. Rg7+ Kh8 61. Ra7 Kg8 62. Rxa5 Rxb3 63. Rb5 Ra3 64. a5 Ra1 65. Kf5 Kf8 66. Kf6 Ke8 67. g6 hxg6 68. h7 g5 69. h8=Q+ Kd7 70. Rd5+ Kc6 71. Qa8+ Kc7 72. Qa7+ Kc8 73. Rc5+ Kd8 74. Qe7# 1-0

[Event "Turkish Cup 2022"]
[Site "Sakarya"]
[Date "2022.03.30"]
[Round "8.44"]
[White "Arslan, Tayfun"]
[Black "Serbulent, Huseyin"]
[Result "1/2-1/2"]
[ECO "B06"]
[WhiteElo "1512"]
[BlackElo "1775"]
[Annotator "NA"]
[PlyCount "85"]
[EventDate "2022.03.25"]
[EventType "swiss"]
[EventCountry "TUR"]
[SourceTitle "playchess.com"]
[Source "ChessBase"]
[SourceQuality "1"]
[TimeControl "5400+30"]

1. e4 g6 2. d4 Bg7 3. f4 d5 4. e5 Nh6 5. Nf3 O-O 6. Bd3 c5 7. c3 cxd4 8. cxd4 Nc6 9. O-O Bg4 10. h3 Bxf3 11. Qxf3 Nxd4 12. Qf2 Nc6 13. Kh1 Nb4 14. Bb5 Rc8 15. Na3 a6 16. Be2 Nc2 17. Nxc2 Rxc2 18. g4 e6 19. Qf3 f6 20. Qd3 Rc4 21. exf6 Bxf6 22. g5 Bxg5 23. fxg5 Rxf1+ 24. Bxf1 Nf5 25. Be3 Qc7 26. Bf2 Qf4 27. Kg1 Qxg5+ 28. Kh1 Rf4 29. Qc2 d4 30. Re1 Ng3+ 31. Bxg3 Qxg3 32. Qc8+ Kg7 33. Qxb7+ Kh6 34. Rd1 Rf2 35. Bg2 d3 36. Qe4 Re2 37. Qf3 Re1+ 38. Rxe1 Qxe1+ 39. Kh2 d2 40. Qf4+ Kg7 41. Qc7+ Kf8 42. Qd8+ Kg7 43. Qc7+ 1/2-1/2